AoeStats
← agemajsan

Arena

509419761Analyzed
2v2 RM · 5d ago on Sep 26, 2026· 39m 12s· 4 players
Game mode
Random Map
Map size
Medium (4 player)
Population
200
Speed
Normal
Resources
Standard
Victory
Conquest
Starting age
Dark Age
Ending age
Imperial Age
RankedLock teamsTeams togetherTeam positionsShared explorationLock speedFull tech treeHidden civsTurbo modeCheats
Victory
Defeat
🇸🇪 Bohemians · Sweden
1100
+15
🇸🇪 Inca · Sweden
1092
+15
🇩🇪 Cumans · Germany
1290
-23
🇩🇪 Inca · Germany
866
-7
Atzenkeeper90
12:12 Feudal Age
14:13 Loom
15:04 Wheelbarrow
17:15 Horse Collar
22:47 Double-Bit Axe
27:19 Castle Age
26:52 Gold Mining
27:29 Forging
27:20 Scale Mail Armor
27:44 Stone Mining
32:37 Squires
37:58 Heavy Plow
39:08 Padded Archer Armor
Oidinger
6:54 Loom
9:32 Feudal Age
10:45 Double-Bit Axe
12:15 Fletching
24:34 Castle Age
23:03 Horse Collar
24:58 Wheelbarrow
24:48 Gold Mining
25:42 Bow Saw
25:34 Heavy Plow
25:55 Town Watch
27:10 Hand Cart
27:39 Stone Mining
28:22 Town Patrol
31:44 Forging
31:34 Scale Mail Armor
35:25 Imperial Age
33:31 Iron Casting
33:01 Scale Barding Armor
34:01 Bloodlines
34:37 Capped Ram
35:28 Cavalier
37:10 Blast Furnace
36:32 Chain Barding Armor
37:31 Blast Furnace
agemajsan
14:04 Feudal Age
15:17 Horse Collar
15:41 Double-Bit Axe
18:40 Castle Age
23:42 Bow Saw
24:31 Heavy Plow
25:51 Forging
25:41 Scale Mail Armor
27:22 Champi Runner
28:03 Squires
27:49 Arson
29:05 Wheelbarrow
28:23 Champi Warrior
30:34 Hand Cart
31:25 Iron Casting
31:05 Chain Mail Armor
34:51 Imperial Age
35:13 Fletching
37:04 Chemistry
36:15 Masonry
37:25 Blast Furnace
36:55 Plate Mail Armor
35:51 Elite Champi Warrior
Jon_Skolmen
10:20 Feudal Age
14:50 Castle Age
12:53 Double-Bit Axe
13:38 Horse Collar
15:00 Loom
24:14 Bow Saw
29:50 Imperial Age
28:37 Chemistry
29:01 Padded Archer Armor
30:11 Leather Archer Armor
35:27 Wheelbarrow
35:26 Ring Archer Armor
37:02 Pikeman
37:44 Scale Mail Armor
37:58 Halberdier
39:40 Chain Mail Armor
Connection lost

Rejoining the realm…

Still unreachable

The connection could not be restored.

Session expired

The server has moved on; the page needs a fresh start.